 Dungeon Crawl Stone Soup version 0.20.1-1-g8b1a95d (webtiles) character file.

71 gobwax the Digger (level 4, 0/27 HPs)
             Began as an Octopode Earth Elementalist on Aug 24, 2017.
             Killed by nerve-wracking pain
             ... invoked by Jessica
              (12 damage)
             ... on level 3 of the Dungeon.
             The game lasted 00:04:13 (2303 turns).

gobwax the Digger (Octopode Earth Elementalist)     Turns: 2303, Time: 00:04:16

Health: 0/27       AC:  1    Str:  7    XL:     4   Next: 24%
Magic:  5/8        EV: 12    Int: 18    God:
Gold:   94         SH:  0    Dex: 12    Spells: 4/8 levels left

rFire    . . .     SeeInvis .   r - +2 dagger (freeze)
rCold    + . .     Gourm    .   (no shield)
rNeg     . . .     Faith    .   (helmet restricted)
rPois    .         Spirit   .   s - amulet of regeneration
rElec    .         Reflect  .   l - ring of protection from cold
rCorr    .         Harm     .   (no ring)
MR       .....                  (no ring)
Stlth    +++.......             (no ring)
Regen    0.5/turn               (no ring)
MPRegen  0.2/turn               (no ring)
                                (no ring)
                                (no ring)

@: very slightly contaminated, heavily drained
A: almost no armour, stealthy swim, amphibious, 8 rings, constrict 8, camouflage
1, gelatinous body 1
a: no special abilities


You were on level 3 of the Dungeon.
You were hungry.

You visited 1 branch of the dungeon, and saw 3 of its levels.

You collected 94 gold pieces.

Inventory:

Hand Weapons
 r - a +2 dagger of freezing (weapon)
Missiles
 b - 16 stones (quivered)
Jewellery
 j - an uncursed amulet of harm
 l - a ring of protection from cold (left tentacle)
 s - an amulet of regeneration (around mantle)
Scrolls
 e - 2 scrolls of identify
 g - 2 scrolls of enchant weapon {unknown}
 h - 2 scrolls of teleportation {unknown}
 i - 3 scrolls of remove curse {unknown}
 p - a scroll of amnesia {unknown}
 q - 2 scrolls of fog {unknown}
Potions
 a - a potion of brilliance {unknown}
 f - 2 potions of heal wounds {unknown}
 k - a potion of mutation {unknown}
 m - a potion of agility {unknown}
 n - a potion of curing {unknown}
 o - a potion of cancellation {unknown}
Books
 d - a book of Geomancy

   Spells                             Type                      Level
   a - Sandblast                      Earth                        1
   b - Passwall                       Transmutation/Earth          2
   c - Stone Arrow                    Conjuration/Earth            3
   d - Petrify                        Transmutation/Earth          4
   e - Lee's Rapid Deconstruction     Earth                        5
Comestibles
 c - 4 bread rations
 t - 3 chunks of flesh


   Skills:
 - Level 2.0(0.6) Dodging
 - Level 2.6(1.2) Stealth
 + Level 2.9(1.4) Spellcasting
   Level 1.0(0.0) Transmutations
 + Level 4.2(2.7) Earth Magic


You had 4 spell levels left.
You knew the following spells:

 Your Spells              Type           Power        Failure   Level  Hunger
a - Sandblast             Erth           ##....       6%          1    ##.....
b - Stone Arrow           Conj/Erth      #.....       32%         3    ####...


Dungeon Overview and Level Annotations

Branches:
Dungeon (3/15)

Altars:
Trog

Annotations:
D:3 Jessica


Innate Abilities, Weirdness & Mutations

You cannot wear most types of armour.
You are very stealthy in the water. (Stealth+)
You are amphibious.
You can wear up to eight rings at the same time.
You can use your tentacles to constrict eight enemies at once.
Your skin changes colour to match your surroundings (Stealth+).
Your rubbery body absorbs attacks. (AC +1, EV +1)


Message History

Jessica seems to speed up.
Casting: Sandblast
Confirm with . or Enter, or press ? or * to list all spells.
Aiming: Sandblast
Press: ? - help, Shift-Dir - straight line, f/p - Jessica
Aim: Jessica, wielding a dagger of speed and wearing a robe (fast)
The blast of sand hits Jessica.
b - 17 stones
Casting: Sandblast
Confirm with . or Enter, or press ? or * to list all spells.
Aiming: Sandblast
Press: ? - help, Shift-Dir - straight line, f/p - Jessica
Aim: Jessica, wielding a dagger of speed and wearing a robe (fast)
The blast of sand misses Jessica.
b - 16 stones Jessica hits you with a dagger of speed.
Jessica shouts, "Stop bothering me, or I'll kill you!"
Jessica gestures at you while chanting. Pain shoots through your body!
You die...

#.>.....####.
#######.####.##....
#
............##.....
#.#
######.#####......
..#######.# #....##
...#....# #...##y
###.#.#### #....##
#.....### ##.....
#..@....# #..wr_
#..@.##.# #....# .#
#....# . #..... #.
.....#. .[ ##....##
.....#


You could see Jessica.

Vanquished Creatures
  4 adders (D:2)
  A worm (D:3)
  2 ball pythons (D:1)
  4 bats (D:1)
  3 giant cockroaches
  2 goblins (D:2)
  5 hobgoblins
  2 kobolds (D:2)
  A quokka (D:2)
  A frilled lizard (D:1)
  6 rats
31 creatures vanquished.

Notes
Turn   | Place    | Note
-------+----------+-------------------------------------------
     0 | D:1      | gobwax the Octopode Earth Elementalist began the quest for the Orb.
     0 | D:1      | Reached XP level 1. HP: 11/11 MP: 3/3
   470 | D:1      | Reached XP level 2. HP: 17/17 MP: 0/5
  1348 | D:2      | Reached XP level 3. HP: 21/21 MP: 3/6
  1527 | D:2      | Reached skill level 4 in Earth Magic
  1909 | D:2      | Reached XP level 4. HP: 27/27 MP: 8/8
  2150 | D:3      | Noticed a moth of wrath
  2153 | D:3      | Found a bloodstained altar of Trog.
  2267 | D:3      | Learned a level 3 spell: Stone Arrow
  2293 | D:3      | Noticed Jessica
  2303 | D:3      | Killed from afar by Jessica

Skill      XL: |  1  2  3 |
---------------+----------+-----
Earth Magic    | 4 |  4.2
Dodging        | |  2.0
Stealth        | |  2.6
Spellcasting   | |  2.9
Transmutations | |  1.0

Action                   |  1- 3 |  4- 6 || total
-------------------------+-------+-------++-------
Melee: Unarmed           |     6 |       ||     6
       Constrict         |     3 |     3 ||     6
       Dagger            |    12 |    10 ||    22
       Tentacles         |     3 |     3 ||     6
 Cast: Sandblast         |    31 |     2 ||    33
  Use: Scroll            |     1 |       ||     1
 Stab: Sleeping          |     3 |     2 ||     5
  Eat: Chunk             |     3 |     1 ||     4
Armor: Skin              |     1 |       ||     1
Dodge: Dodged            |    10 |     3 ||    13
